 Dungeon Crawl Stone Soup version 0.26-a0-651-gb41185065b (webtiles) character file.

Game seed: 4240162620202674272

(classic levelgen) 312 EnegeticOcto the Chopper (level 6, 42/57 HPs)
             Began as a Deep Dwarf Fighter on Oct 9, 2020.
             Quit the game in the Ecumenical Temple.
             The game lasted 00:01:09 (1064 turns).

EnegeticOcto the Chopper (Deep Dwarf Fighter)       Turns: 1064, Time: 00:01:10

Health: 42/57      AC: 10    Str: 22    XL:     6   Next: 18%
Magic:  2/2        EV:  5    Int:  8    God:
Gold:   140        SH: 10    Dex: 12    Spells: 5/5 levels left

rFire    . . .     SeeInvis .   a - +0 war axe
rCold    + . .     Faith    .   c - +0 kite shield
rNeg     . . .     Spirit   .   n - +0 chain mail
rPois    .         Reflect  .   m - +0 helmet
rElec    .         Harm     .   (no cloak)
rCorr    .         Rampage  .   (no gloves)
MR       .....                  (no boots)
Stlth    ..........             (no amulet)
HPRegen  0.00/turn              (no ring)
MPRegen  0.08/turn              u - ring of protection from cold

@: non-regenerating
A: damage resistance, heal wounds, sense surroundings 1, no regeneration
a: Heal Wounds


You were in the Ecumenical Temple.
You visited 2 branches of the dungeon, and saw 5 of its levels.

You collected 140 gold pieces.

Inventory:

Hand Weapons
 a - a +0 war axe (weapon)
Armour
 c - a +0 kite shield (worn)
 m - a +0 helmet (worn)
 n - a +0 chain mail (worn)
Jewellery
 u - a ring of protection from cold (right hand)
Wands
 l - a wand of digging (4) {@v3}
Scrolls
 b - a scroll of fog {unknown}
 e - 4 scrolls of fear {unknown}
 f - 2 scrolls of enchant armour {unknown}
 g - a scroll of magic mapping {unknown}
 j - a scroll of teleportation {unknown}
 p - a scroll of remove curse {unknown}
 q - 2 scrolls of identify {unknown}
 s - a scroll of immolation {unknown}
 v - a scroll of enchant weapon {unknown}
Potions
 d - a potion of might {@q3}
 h - a potion of magic {unknown}
 i - a potion of resistance {unknown}
 k - a potion of haste {unknown}
 o - a potion of flight {unknown}
 r - a potion of brilliance {unknown}
 t - a potion of degeneration {unknown}


   Skills:
 + Level 3.7 Fighting
 * Level 4.8 Axes
 + Level 4.4 Armour
 + Level 4.5 Shields


You had 5 spell levels left.
You didn't know any spells.
Your spell library was empty.

Dungeon Overview and Level Annotations

Branches:
Dungeon (4/15)             Temple (1/1) D:4

Altars:
Ashenzari
Cheibriados
Dithmenos
Elyvilon
Fedhas
Gozag
Hepliaklqana
Nemelex Xobeh
Ru
Sif Muna
Uskayaw
Vehumet
Wu Jian
Xom
Yredelemnul
Zin

Shops:
D:4 !


Innate Abilities, Weirdness & Mutations

You are resistant to damage.
You can heal yourself by infusing magical energy.
You passively map a small area around you.
You do not regenerate.


Message History

You climb downwards.
Found 13 sling bullets.
There is a stone staircase leading up here.
Found 22 arrows.
Found 13 stones.
No target in view!
No target in view!
No target in view!
No target in view!
No target in view!
No target in view!
No target in view!
No target in view!
No target in view!
Found a stone staircase leading down.
r - a smoky cyan potion
Found a stone staircase leading up.
There is a stone staircase leading up here.
Found 17 arrows.
You see here 17 arrows.
s - a scroll labeled NOAH RAJUCA
Found a stone staircase leading down.
t - a lumpy pink potion No target in view!
No target in view!
No target in view!
No target in view!
No target in view!
No target in view!
No target in view!
No target in view!
No target in view!
No target in view!
u - a copper ring You now have 118 gold pieces (gained 14).
Found Xaumafir's Distillery.
There is an entrance to Xaumafir's Distillery here.
You can access your shopping list by pressing '$'.
u - a ring of protection from cold (right hand) Drop what? 21/52 slots (_ for help) (? for menu, Esc to quit)
You drop a +0 scale mail.
You remove your ring of magical power.
You feel your magic capacity decrease.
You drop an uncursed ring of magical power.
b - a scroll labeled JYPSUD BUPYGA
h - a fizzy pink potion
Found a stone staircase leading down and a stone staircase leading up.
Found a staircase to the Ecumenical Temple.
No target in view!
No target in view!
No target in view!
No target in view!
No target in view!
No target in view!
No target in view!
No target in view!
No target in view!
No target in view!
No target in view!
You now have enough gold to buy a potion of resistance on this level.
You can access your shopping list by pressing '$'.
You now have 130 gold pieces (gained 12).
q - 2 scrolls labeled BUCZUNOIRR (gained 1)
Found an escape hatch in the floor.
You now have 132 gold pieces (gained 2).
Found 19 stones.
You see here 19 stones.
You now have 140 gold pieces (gained 8).
v - a scroll labeled HAZOL GALA
(D) Dungeon (T) Temple
Where to? (Enter - D:4, ? - help)
There is an escape hatch in the floor here.
There is a staircase to the Ecumenical Temple here.
You climb downwards.
Welcome to the Ecumenical Temple!
Found four altars.
There is a staircase back to the Dungeon here.
Found a hazy altar of Hepliaklqana.
Found a shadowy altar of Dithmenos.
Found a white marble altar of Elyvilon.
Found an ornate altar of the Wu Jian Council.
Found a shimmering blue altar of Sif Muna.
Found a basalt altar of Yredelemnul.
There is a basalt altar of Yredelemnul here.
Found a glowing silver altar of Zin.
Found a snail-covered altar of Cheibriados.
Found a sparkling altar of Nemelex Xobeh.
Found an opulent altar of Gozag.
Found a sacrificial altar of Ru.
Found a blossoming altar of Fedhas.
Done exploring.
Done exploring.
Done exploring.
Done exploring.
Done exploring.
Done exploring.
Done exploring.
Done exploring.
Done exploring.
Search for what [? for help]? mak Can't find anything matching that.
Are you sure you want to abandon this character and quit the game? (Confirm with "yes".)

### ##### ##.## ##...##
##...## ##..#@.## ##..#..##
##..#.#..###..#.#..##
##..#...#..#..#...#..##
##..#.._..#.#.#.._..#..##
##........#.....#...#....#
##..#.....#...#...#.#...#..
##..#..##.#...#.#...#...#.#.
#..#.........#...#.....#...#
#.#.._..#...#.....#...#.._..


There were no monsters in sight!

Vanquished Creatures
  Sigmund (D:3)
  Jessica (D:2)
  Robin (D:3)
  4 gnolls (D:3)
  3 adders (D:2)
  A worm (D:2)
  A dart slug (D:1)
  A leopard gecko (D:1)
  A giant cockroach (D:1)
  16 goblins
  10 hobgoblins
  A kobold (D:1)
  4 bats
  3 frilled lizards
  2 rats
50 creatures vanquished.

Notes
Turn   | Place    | Note
-------+----------+-------------------------------------------
     0 | D:1      | EnegeticOcto the Deep Dwarf Fighter began the quest for the
                  | Orb.
     0 | D:1      | Reached XP level 1. HP: 20/20 MP: 1/1
    68 | D:1      | Reached XP level 2. HP: 25/27 MP: 2/2
   187 | D:2      | Noticed Jessica
   198 | D:2      | Reached XP level 3. HP: 20/33 MP: 3/3
   208 | D:2      | Killed Jessica
   289 | D:2      | Reached XP level 4. HP: 27/42 MP: 3/3
   481 | D:3      | Noticed Robin
   496 | D:3      | Noticed Sigmund
   507 | D:3      | Reached XP level 5. HP: 27/49 MP: 4/4
   585 | D:3      | Killed Robin
   590 | D:3      | Killed Sigmund
   590 | D:3      | Reached XP level 6. HP: 42/57 MP: 2/2
   799 | D:4      | Found Xaumafir's Distillery.
   861 | D:4      | Found a staircase to the Ecumenical Temple.
   916 | Temple   | Entered the Ecumenical Temple
  1064 | Temple   | Quit the game

Illustrated notes

Levels and vault maps discovered:
D:1:      minmay_arrival_plants_in_alcoves, layout_basic
D:2:      layout_loops_ring, nemelex_dance_club_becter, uniq_jessica
D:3:      layout_basic, uniq_robin, uniq_crazy_yiuf_cottage, uniq_sigmund
D:4:      layout_loops_ring, minmay_temple_entry_statues_pillars, serial_shops,
          shop
Temple:   eino_temple_rhombus

Skill      XL: |  1  2  3  4 |
---------------+-------------+-----
Axes           | 3 4 |  4.8
Fighting       | 3 |  3.7
Shields        | 4 |  4.5
Armour         | 4 |  4.4

Action                   |  1- 3 |  4- 6 || total
-------------------------+-------+-------++-------
Melee: War axe           |    63 |    75 ||   138
       Unarmed           |       |    30 ||    30
 Abil: Heal Wounds       |     1 |    10 ||    11
Armor: Scale mail        |    24 |    34 ||    58
       Chain mail        |       |     7 ||     7
Dodge: Dodged            |    21 |    47 ||    68
Block: Kite shield       |    27 |    45 ||    72

Table legend: (Time is in decaauts)
 A = Elapsed time spent in this place.
 B = Non-inter-level travel time spent in this place.
 C = Inter-level travel time spent in this place.
 D = Time resting spent in this place.
 E = Time spent auto-exploring this place.
 F = Levels seen in this place.
 G = Mean time per level.
                   A        B        C        D        E       F      G
               +--------+--------+--------+--------+--------+-----+--------+
         Total |   1115 |   1050 |     65 |     11 |    677 |   5 |  223.0 |
       Dungeon |    967 |    903 |     64 |     11 |    530 |   4 |  241.8 |
        Temple |    147 |    147 |      0 |      0 |    147 |   1 |  147.0 |
               +--------+--------+--------+--------+--------+-----+--------+

Top non-repeatable levels by time:
     D:2: 325 daAuts
     D:3: 233 daAuts
     D:4: 208 daAuts
     D:1: 200 daAuts
  Temple: 147 daAuts
